 Dungeon Crawl Stone Soup version 0.30.0 (webtiles) character file.

Game seed: 6033420693432611810

4200 mallonox the Basher (level 10, -1/94 HPs)
             Began as an Armataur Berserker on July 22, 2023.
             Was an Elder of Trog.
             Killed from afar by an electric eel (12 damage)
             ... with a bolt of electricity
             ... on level 8 of the Dungeon.
             The game lasted 00:24:31 (8720 turns).

mallonox the Basher (Armataur Berserker)            Turns: 8720, Time: 00:24:41

Health: -1/94      AC:  8    Str: 26    XL:     10   Next: 8%
Magic:  10/10      EV:  9    Int:  9    God:    Trog [****..]
Gold:   418        SH:  4    Dex:  9    Spells: 9/9 levels left

rFire   . . .        D - +1 morningstar (venom)
rCold   . . .        u - +0 buckler
rNeg    . . .        b - +0 animal skin
rPois   +            K - +0 helmet
rElec   .            G - +1 cloak {rCorr}
rCorr   +            g - +0 pair of gloves
SInv    +            (no barding)
Will    .....        (no amulet)
Stlth   ++           a - ring of see invisible
HPRegen 0.35/turn    C - ring of poison resistance
MPRegen 0.12/turn

%: roll
@: no status effects
A: large, rugged brown scales 3, deformed body, armoured tail, roll, long
tongue, awkward tongue
a: Renounce Religion, Berserk, Trog's Hand, Brothers in Arms


You were on level 8 of the Dungeon.
You worshipped Trog.
Trog was greatly pleased with you.
You visited 1 branch of the dungeon, and saw 8 of its levels.
You also visited: Sewer.

You collected 418 gold pieces.

Inventory:

Hand Weapons
 y - a +1 mace of protection
 z - a +1 flail of protection
 D - a +1 morningstar of venom (weapon)
Armour
 b - a +0 animal skin (worn)
 g - a +0 pair of gloves (worn)
 u - a +0 buckler (worn)
 G - a +1 cloak of preservation (worn)
 K - a +0 helmet (worn)
Jewellery
 a - a ring of see invisible (left hand)
 C - a ring of poison resistance (right hand)
Wands
 o - a wand of iceblast (9)
 s - a wand of flame (51)
 H - a wand of polymorph (9)
 J - a wand of mindburst (8)
Scrolls
 c - 2 scrolls of brand weapon {unknown}
 e - a scroll of acquirement {unknown}
 f - 3 scrolls of vulnerability {unknown}
 i - 2 scrolls of enchant armour {unknown}
 k - 3 scrolls of identify {unknown}
 l - a scroll of butterflies {unknown}
 p - 2 scrolls of blinking {unknown}
 q - 3 scrolls of teleportation {unknown}
 t - a scroll of fear {unknown}
 x - a scroll of silence {unknown}
 A - 2 scrolls of poison {unknown}
 B - a scroll of noise {unknown}
 E - 2 scrolls of magic mapping {unknown}
 F - 2 scrolls of amnesia {unknown}
Potions
 d - a potion of haste {unknown}
 h - 4 potions of lignification {unknown}
 j - 3 potions of attraction {unknown}
 m - a potion of flight {unknown}
 n - a potion of heal wounds {unknown}
 r - a potion of cancellation {unknown}
 v - a potion of curing
 w - 2 potions of brilliance {unknown}
 I - a potion of berserk rage {unknown}


   Skills:
 + Level 8.1 Fighting
 * Level 10.8 Maces & Flails
 + Level 3.1 Armour
 - Level 1.3 Dodging
 - Level 2.7 Stealth
 + Level 2.6 Shields
 + Level 0.7 Evocations


You had 9 spell levels left.
You didn't know any spells.
Your spell library was empty.

Dungeon Overview and Level Annotations

Branches:
Dungeon (8/15)             Temple (0/1) D:7           Sewer (visited)
   Lair: D:8-11

Altars:
Fedhas
Hepliaklqana
Zin

Shops:
D:3 !


Innate Abilities, Weirdness & Mutations

You are completely covered in rugged brown scales. (AC +3, +7% HP)
Armour fits poorly on your strangely shaped body.
You have a long armoured tail.
You roll when moving toward enemies. (Rampage)
Your long tongue fully drains potion bottles. (2x potion effects)
Your tongue gives you trouble enunciating. (1.5x scroll delay)


Message History

The yak is heavily wounded.
A wolf comes into view.
The yak gores you.
The wolf moves out of view.
You hit the yak.
The yak looks as sick as possible!
You tail-slap the yak.
The yak is severely wounded.
You block the yak's attack.
You closely miss the yak. You tail-slap the yak.
You kill the yak!
Trog accepts your kill.
You puncture the yak!
The yak looks as sick as possible!
The yak is moderately wounded.
The yak gores you!
You completely miss the yak.
The yak is heavily wounded.
You block the yak's attack.
You thump the yak!
The yak looks as sick as possible!
The yak is severely wounded.
The yak gores you!
You barely miss the yak.
The yak is severely wounded.
You block the yak's attack.
You barely miss the yak.
The yak is severely wounded.
The yak gores you!
You sock the yak!
You kill the yak!
Trog accepts your kill.
The electric eel shoots out a bolt of lightning at you!
The bolt of electricity hits you!
The electric eel shoots out a bolt of lightning at you!
The bolt of electricity hits the electric eel.
The electric eel completely resists.
The bolt of electricity hits you!
* * * LOW HITPOINT WARNING * * *
The electric eel shoots out a bolt of lightning at you!
The bolt of electricity hits the electric eel.
The electric eel completely resists.
The bolt of electricity hits you!
* * * LOW HITPOINT WARNING * * *
The electric eel shoots out a bolt of lightning at you!
The bolt of electricity hits you!
You die...

..# #### .# ...
..####.### ...
.......... #.#
#......).. #.#
#......... #.#
#..≈...... #.#
#..÷.~..~~
#.####)....~.~≈
#(@††....~~≈~.~
######..SS~≈S≈~
#..~~~~~~.
#.........
#...~≈~~≈.
#.....~~≈~
...~~~~~≈≈
....~≈≈≈~


You could see 2 electric eels.

Vanquished Creatures
  A troll (D:8)
  Grinder (D:6)
  Sigmund (D:5)
  3 yaks (D:8)
  Edmund (D:4)
  A water moccasin (D:6)
  2 orc warriors
  4 black bears
  2 ice beasts
  An ogre (D:6)
  2 phantoms
  Blork the orc (D:5)
  7 bullfrogs
  2 scorpions
  3 wights (D:6)
  3 killer bees (D:7)
  7 jellies
  6 hounds
  Crazy Yiuf (D:6)
  4 orc priests
  Natasha (thrice) (D:3)
  3 iguanas
  2 sleepcaps
  2 orc wizards
  4 gnolls (D:4)
  8 adders
  A white imp (D:6)
  3 ufetubi
  2 worms
  2 dart slugs
  19 orcs
  11 ball pythons
  13 endoplasms
  13 giant cockroaches
  6 goblins
  10 hobgoblins
  5 jackals
  12 kobolds
  10 quokkas
  5 bats
  20 frilled lizards
  7 rats
214 creatures vanquished.

Vanquished Creatures (others)
  3 fungi
  5 plants (D:1)
  9 toadstools (D:3)
17 creatures vanquished.

Grand Total: 231 creatures vanquished

Notes
Turn   | Place    | Note
-------+----------+-------------------------------------------
     0 | D:1      | mallonox the Armataur Berserker began the quest for the
                  | Orb.
     0 | D:1      | Reached XP level 1. HP: 19/19 MP: 1/1
   116 | D:1      | Reached XP level 2. HP: 27/27 MP: 2/2
   390 | D:1      | Reached XP level 3. HP: 33/33 MP: 3/3
   642 | D:1      | Reached ** piety under Trog
   666 | D:1      | Found a faded altar of an unknown god.
  1235 | D:2      | Reached XP level 4. HP: 20/42 MP: 4/4
  1623 | D:3      | Found Wosal's Distillery.
  1627 | D:3      | Noticed Natasha
  1652 | D:3      | Killed Natasha
  1653 | D:3      | Reached skill level 1 in Stealth
  1794 | D:3      | Noticed a black bear
  1810 | D:3      | Killed a black bear
  1811 | D:3      | Reached skill level 5 in Fighting
  1811 | D:3      | Reached XP level 5. HP: 51/51 MP: 5/5
  1853 | D:3      | Found a blossoming altar of Fedhas.
  2358 | D:3      | Noticed Natasha
  2371 | D:3      | Killed Natasha
  2649 | D:3      | Reached XP level 6. HP: 10/60 MP: 6/6
  3057 | D:3      | Noticed Natasha
  3064 | D:3      | Killed Natasha
  3236 | D:3      | Found a glowing silver altar of Zin.
  3800 | D:4      | Reached skill level 3 in Maces & Flails
  3800 | D:4      | Reached XP level 7. HP: 63/68 MP: 7/7
  4160 | D:4      | Noticed Edmund
  4173 | D:4      | Killed Edmund
  4321 | D:5      | Entered Level 5 of the Dungeon
  4327 | D:5      | Reached skill level 4 in Maces & Flails
  4500 | D:5      | Reached *** piety under Trog
  4612 | D:5      | Found a hazy altar of Hepliaklqana.
  4615 | D:5      | Found a faded altar of an unknown god.
  4615 | D:5      | Noticed Blork the orc
  4624 | D:5      | Killed Blork the orc
  4762 | D:5      | Reached skill level 5 in Maces & Flails
  4918 | D:5      | Noticed Sigmund
  4937 | D:5      | Killed Sigmund
  4938 | D:5      | Reached skill level 1 in Shields
  4938 | D:5      | Reached XP level 8. HP: 78/78 MP: 8/8
  5308 | D:6      | Reached skill level 6 in Maces & Flails
  5397 | D:6      | Reached skill level 7 in Maces & Flails
  5411 | D:6      | Noticed Grinder
  5965 | D:6      | Found a glowing drain.
  5975 | Sewer    | Entered a sewer
  6491 | Sewer    | Reached XP level 9. HP: 61/84 MP: 9/9
  6732 | D:6      | Reached skill level 8 in Maces & Flails
  7130 | D:6      | Reached **** piety under Trog
  7210 | D:6      | Found a runed translucent door.
  7211 | D:6      | Noticed Crazy Yiuf
  7289 | D:6      | Killed Crazy Yiuf
  7371 | D:6      | Paralysed by Grinder for 2 turns
  7374 | D:6      | Killed Grinder
  7375 | D:6      | Reached skill level 9 in Maces & Flails
  7775 | D:7      | Reached skill level 10 in Maces & Flails
  8086 | D:7      | Found a staircase to the Ecumenical Temple.
  8356 | D:8      | Noticed a troll
  8368 | D:8      | Killed a troll
  8711 | D:8      | Reached XP level 10. HP: 77/94 MP: 10/10
  8720 | D:8      | Killed from afar by an electric eel

Illustrated notes

Levels and vault maps discovered:
D:1:      ncdulo_smallfort, layout_loops_ring,
          shapermc_ecumenical_altar_hornbeckon, minmay_lizard_king
D:2:      layout_basic, nicolae_concentric_dashed_squares_wild,
          minmay_misc_feat_x, minmay_misc_feat_four_crosses
D:3:      cheibrodos_fertilizer, layout_basic, fedhas_altar_1, zin_scriptorium,
          serial_shops, shop, minmay_misc_feat_encased, uniq_natasha
D:4:      layout_loops_ring, kennysheep_generic_room_14, uniq_edmund
D:5:      layout_loops_ring, beargit_hepliaklqana_dungeon_heroes, uniq_sigmund
D:6:      layout_rooms, portal_sewer_entry_a, kennysheep_generic_room_2,
          uniq_grinder, uniq_crazy_yiuf_cottage
D:7:      layout_rooms, minmay_temple_entry_junction
D:8:      layout_loops_ring, nzn_wu_jian_contemplation, erik_lair_island

Skill      XL: |  1  2  3  4  5  6  7  8  9 |
---------------+----------------------------+-----
Fighting       | 3 4 5 6 7 8 |  8.1
Armour         | 3 |  3.1
Stealth        | 1 2 |  2.7
Maces & Flails | 3 5 7 10 | 10.8
Shields        | 1 2 |  2.6
Dodging        | |  1.3
Evocations     | |  0.7

Action                     |  1- 3 |  4- 6 |  7- 9 | 10-12 || total
---------------------------+-------+-------+-------+-------++-------
  Melee: Mace              |   105 |   190 |    33 |       ||   328
         Tailslap          |     9 |    18 |    45 |     3 ||    75
         Flail             |       |       |   217 |       ||   217
         Morningstar       |       |       |   114 |     9 ||   123
 Invoke: Berserk           |       |     6 |     5 |       ||    11
         Trog's Hand       |       |     1 |     3 |       ||     4
  Evoke: Wand              |       |     2 |       |       ||     2
    Use: Potion            |       |       |     1 |       ||     1
   Stab: Sleeping          |     4 |     7 |     7 |       ||    18
 Armour: Animal skin       |    49 |    81 |   202 |       ||   332
  Dodge: Dodged            |    45 |   108 |   157 |       ||   310
  Block: Buckler           |       |     5 |    66 |     3 ||    74
